 Dungeon Crawl Stone Soup version 0.22-a0-423-g4197694 (webtiles) character file.

116 Ijustatesigmund the Skirmisher (level 5, -1/55 HPs)
             Began as an Ogre Artificer on May 23, 2018.
             Slain by an orc
             ... wielding a +0 dagger
              (5 damage)
             ... on level 3 of the Dungeon.
             The game lasted 00:05:31 (2730 turns).

Ijustatesigmund the Skirmisher (Ogre Artificer)     Turns: 2730, Time: 00:05:31

Health: -1/55      AC:  1    Str: 16    XL:     5   Next: 1%
Magic:  6/6        EV: 10    Int: 12    God:
Gold:   108        SH:  0    Dex: 10    Spells: 4/4 levels left

rFire    + . .     SeeInvis .   a - +0 mace
rCold    . . .     Gourm    .   (no shield)
rNeg     . . .     Faith    .   b - +0 robe
rPois    .         Spirit   .   (helmet restricted)
rElec    .         Reflect  .   n - +0 cloak
rCorr    .         Harm     .   (gloves unavailable)
MR       .....                  (boots unavailable)
Stlth    +.........             m - amulet of the acrobat
HPRegen  0.18/turn              i - -3 ring of protection (curse)
MPRegen  0.10/turn              j - ring of protection from fire

@: no status effects
A: large, unfitting armour, tough skin 1
a: no special abilities


You were on level 3 of the Dungeon.
You were not hungry.

You visited 1 branch of the dungeon, and saw 3 of its levels.

You collected 108 gold pieces.

Inventory:

Hand Weapons
 a - a +0 mace (weapon)
Missiles
 g - 2 javelins (quivered)
Armour
 b - a +0 robe (worn)
 n - a +0 cloak (worn)
Jewellery
 i - a cursed -3 ring of protection (left hand)
 j - a ring of protection from fire (right hand)
 m - an amulet of the acrobat (around neck)
Wands
 c - a wand of flame (9)
 d - a wand of enslavement (9)
 e - a wand of random effects (13)
Scrolls
 h - a scroll of immolation
Potions
 k - a potion of heal wounds {unknown}
 o - a potion of mutation {unknown}
Comestibles
 f - 7 rations


   Skills:
 + Level 4.8 Fighting
   Level 0.8 Short Blades
 + Level 2.3 Maces & Flails
 - Level 1.7 Dodging
 - Level 0.6 Stealth
 - Level 2.4 Evocations


You had 4 spell levels left.
You didn't know any spells.
Your spell library was empty.

Dungeon Overview and Level Annotations

Branches:
Dungeon (3/15)

Altars:


Innate Abilities, Weirdness & Mutations

You are too large for most types of armour.
You have tough skin. (AC +1)


Message History

You are too injured to fight recklessly!
You are too injured to fight recklessly!
You are too injured to fight recklessly!
You are too injured to fight recklessly!
You barely miss the orc.
The orc is moderately wounded.
The orc hits you with a war axe!
* * * LOW HITPOINT WARNING * * *
The orc barely misses you.
It was a potion of curing.
You feel better. The orc hits you with a war axe.
The orc hits you with a dagger.
* * * LOW HITPOINT WARNING * * *
Evoke which item? (* to show all) (? for menu, Esc to quit)
Aiming: Enslavement
Press: ? - help, Shift-Dir - straight line, f - orc
Aim: an orc, wielding a war axe and wearing a leather armour (moderately wounded, chance to defeat MR: 70%)
The orc struggles to resist.
The orc hits you with a war axe!
* * * LOW HITPOINT WARNING * * *
The orc hits you with a dagger.
You die...

#.#.# #.# #....
#########.# #....
#.........#
......
#.######### .
...... #.# ..
..... #.# ...o
#.# #######.....
#.# #.).o......
#.# #..@###.##...
#.######o.......#
#................
########.....!...
#.........
#.........
#########.


You could see 2 orcs.

Vanquished Creatures
  4 adders (D:2)
  2 oozes
  A worm (D:2)
  4 dart slugs (D:1)
  3 orcs
  2 hobgoblins
  2 jackals (D:1)
  10 kobolds
  A quokka (D:2)
  7 bats
  3 frilled lizards
  11 goblins
  10 rats
60 creatures vanquished.

Vanquished Creatures (others)
  An ooze (D:2)
  A hobgoblin (D:1)
  A jackal (D:1)
  A frilled lizard (D:1)
4 creatures vanquished.

Grand Total: 64 creatures vanquished

Notes
Turn   | Place    | Note
-------+----------+-------------------------------------------
     0 | D:1      | Ijustatesigmund the Ogre Artificer began the quest for the Orb.
     0 | D:1      | Reached XP level 1. HP: 19/19 MP: 2/2
    42 | D:1      | Reached skill level 2 in Fighting
    46 | D:1      | Reached XP level 2. HP: 19/29 MP: 3/3
   195 | D:1      | Reached skill level 3 in Fighting
   338 | D:1      | Reached XP level 3. HP: 22/37 MP: 4/4
   435 | D:1      | Reached skill level 1 in Maces & Flails
  1244 | D:2      | Reached skill level 4 in Fighting
  1312 | D:2      | Reached XP level 4. HP: 15/48 MP: 5/5
  2726 | D:3      | Reached XP level 5. HP: 50/55 MP: 6/6
  2730 | D:3      | Slain by an orc

Vault maps used:
D:1:      minmay_arrival_shattered_statue
D:2:      wad_river_or_something, first_ration, minmay_tripent
D:3:      lemuel_round_altar, hex_intersection

Skill      XL: |  1  2  3  4 |
---------------+-------------+-----
Fighting       | 2 3 4 |  4.8
Maces & Flails | 1 2 |  2.3
Short Blades   | |  0.8
Dodging        | |  1.7
Stealth        | |  0.6
Evocations     | |  2.4

Action                   |  1- 3 |  4- 6 || total
-------------------------+-------+-------++-------
Melee: Short sword       |    33 |       ||    33
       Mace              |    90 |    58 ||   148
Throw: Javelin           |       |     1 ||     1
Evoke: Wand              |     8 |     6 ||    14
  Use: Scroll            |     4 |     1 ||     5
       Potion            |       |     1 ||     1
 Stab: Distracted        |     1 |       ||     1
       Sleeping          |       |     2 ||     2
  Eat: Chunk             |     1 |     5 ||     6
Armor: Robe              |    30 |     8 ||    38
Dodge: Dodged            |   102 |    57 ||   159

Table legend:
 A = Spawn XP
 B = Non-spawn XP
 C = Spawn XP percentage of total XP
 D = Spawn monster count
 E = Non-spawn monster count
 F = Spawn count percentage of total count
 G = Total turns spent on level
                    A         B        C        D         E        F      G
               +---------+---------+-------+---------+---------+-------+---------
         Total |       0 |     167 |   0.0 |       0 |      61 |   0.0 |  2730
               +---------+---------+-------+---------+---------+-------+---------
           D:1 |       0 |      58 |   0.0 |       0 |      28 |   0.0 |  1099
           D:2 |       0 |     105 |   0.0 |       0 |      31 |   0.0 |  1560
           D:3 |       0 |       4 |   0.0 |       0 |       2 |   0.0 |    71
               +---------+---------+-------+---------+---------+-------+---------
